 Dungeon Crawl Stone Soup version 0.29.1-13-g9f3cf754e1 (webtiles) character file.

Game seed: 12378124676649597869

182 shadowmeld the Magician (level 5, -1/37 HPs)
             Began as a Djinni Hedge Wizard on Feb 8, 2023.
             Slain by an orc wizard
             ... wielding a +0 dagger
              (2 damage)
             ... on level 4 of the Dungeon.
             The game lasted 00:14:34 (3730 turns).

shadowmeld the Magician (Djinni Hedge Wizard)       Turns: 3730, Time: 00:14:35

Health: -1/37      AC:  3    Str:  9    XL:     5   Next: 93%
Gold:   126        EV: 11    Int: 17    God:
                   SH:  7    Dex: 13

rFire   + + .      SeeInvis .   a - +0 dagger
rCold   x . .      Faith    .   q - +0 kite shield
rNeg    . . .      Spirit   .   b - +0 robe
rPois   ∞          Reflect  .   g - +0 helmet
rElec   .          Harm     .   (no cloak)
rCorr   .          Rampage  .   (no gloves)
Will    .....                   (boots unavailable)
Stlth   ++........              (no amulet)
HPRegen 0.12/turn               (no ring)
MPRegen 0.00/turn               (no ring)

@: flying, very slightly contaminated
A: sickness immunity, fire resistance 2, cold vulnerability 1, float, innate
caster, HP casting, extra vitality 1
a: no special abilities


You were on level 4 of the Dungeon.
You visited 1 branch of the dungeon, and saw 4 of its levels.

You collected 126 gold pieces.

Inventory:

Hand Weapons
 a - a +0 dagger (weapon)
Armour
 b - a +0 robe (worn)
 g - a +0 helmet (worn)
 q - a +0 kite shield (worn)
Scrolls
 c - a scroll of immolation
 e - 2 scrolls of torment
 f - a scroll of enchant armour
 h - a scroll of teleportation
 k - 2 scrolls of magic mapping
 l - 2 scrolls of vulnerability {unknown}
 m - a scroll of noise
 o - a scroll of fear {unknown}
 p - a scroll of poison {unknown}
Potions
 d - a potion of brilliance {unknown}
 i - 2 potions of berserk rage {unknown}
 j - a potion of degeneration {unknown}
 n - 2 potions of magic {unknown}
 r - a potion of mutation {unknown}
 s - a potion of heal wounds {unknown}


   Skills:
 * Level 1.2 Fighting
 * Level 3.1 Dodging
 - Level 1.5 Stealth
 * Level 4.2 Spellcasting


You couldn't memorise any spells.
You knew the following spells:

 Your Spells              Type           Power      Damage    Failure   Level
a - Magic Dart            Conj           72%        1d6       10%         1
b - Blink                 Tloc           36%        N/A       14%         2
c - Call Imp              Summ           18%        N/A       14%         2
d - Slow                  Hex            72%        N/A       10%         1
e - Conjure Flame         Conj/Fire      18%        6-21      28%         3
f - Mephitic Cloud        Conj/Pois/Air  18%        N/A       28%         3
g - Necrotise             Necr           72%        1d7       10%         1
h - Passwall              Tmut/Erth      15%        N/A       14%         2
Your spell library was empty.

Dungeon Overview and Level Annotations

Branches:
Dungeon (4/15)
 Temple: D:4-7

Altars:


Innate Abilities, Weirdness & Mutations

You are immune to sickness and miasma.
You are immune to poison.
Your flesh is very heat resistant. (rF++)
You are vulnerable to cold. (rC-)
You float through the air rather than walking.
You learn spells naturally, not from books.
Your magical power is your life essence.
You have superior vitality. (+4 MHP)


Message History

* * * LOW HITPOINT WARNING * * *
Something tries to affect you, but you resist.
You are confused.
You are too confused!
You're too confused to move!
You bump into the closed door.
Okay, then.
You're too confused to move!
You bump into the closed door.
You feel less confused.
You reach down and open the door.
You hear some strange, mumbled words.
A magic dart appears from out of thin air!
The magic dart hits you.
* * * LOW HITPOINT WARNING * * *
Found a metallic coppery potion, two spears and a lumpy grey potion.
Aiming: Magic Dart (safe; 10% risk of failure)
Press: ? - help, Q - select action, (/) - cycle Shift-Dir - straight line The magic dart hits something but does no damage.
* * * LOW HITPOINT WARNING * * *
You block something's attack.
Aiming: Magic Dart (safe; 10% risk of failure)
Press: ? - help, Q - select action, (/) - cycle Shift-Dir - straight line You miscast Magic Dart.
You are very lightly contaminated with residual magic.
Nothing appears to happen.
* * * LOW HITPOINT WARNING * * *
Something hits you but does no damage.
Aiming: Magic Dart (safe; 10% risk of failure)
Press: ? - help, Q - select action, (/) - cycle Shift-Dir - straight line The magic dart hits something.
* * * LOW HITPOINT WARNING * * *
Something hits you.
* * * LOW HITPOINT WARNING * * *
Aiming: Magic Dart (safe; 10% risk of failure)
Press: ? - help, Q - select action, (/) - cycle Shift-Dir - straight line You miscast Magic Dart.
Nothing appears to happen.
* * * LOW HITPOINT WARNING * * *
Something hits you.
You die...

......#.## #.#
......#..######## #.#
......##........###<#
......#########.)s..##
......# #####..# .....#
#!)#..#######
.....###########!)#........#
.>)............#'##..#######
###.##########.{@##.## #..#
######.# ##.### #.# ....)###
#.# #..#...#### #####.######
#.####....# #..........# #.
####.## #........(.# #.
#..## #<.........# #.
##..#####<########


There were no monsters in sight!

Vanquished Creatures
  A scorpion (D:4)
  A hound (D:4)
  2 adders
  A worm (D:4)
  3 dart slugs
  5 orcs (D:4)
  3 bats
  6 endoplasms
  2 giant cockroaches
  6 goblins
  4 hobgoblins
  5 kobolds
  5 quokkas
  10 ball pythons
  4 frilled lizards
  5 rats
63 creatures vanquished.

Notes
Turn   | Place    | Note
-------+----------+-------------------------------------------
     0 | D:1      | shadowmeld the Djinni Hedge Wizard began the quest for the
                  | Orb.
     0 | D:1      | shadowmeld set off with the following spells memorised:
                  | Magic Dart, Blink, Call Imp, Slow, Conjure Flame, Mephitic
                  | Cloud.
     0 | D:1      | Reached XP level 1. HP: 15/15 MP: 0/0
   295 | D:1      | Reached XP level 2. HP: 12/21 MP: 0/0
   856 | D:1      | Reached skill level 3 in Spellcasting
   934 | D:1      | Reached XP level 3. HP: 24/26 MP: 0/0
   934 | D:1      | Learned a level 1 spell: Necrotise
  2326 | D:2      | Reached XP level 4. HP: 25/31 MP: 0/0
  2345 | D:2      | Found a faded altar of an unknown god.
  3193 | D:4      | Noticed a scorpion
  3238 | D:4      | Killed a scorpion
  3239 | D:4      | Reached skill level 1 in Fighting
  3239 | D:4      | Reached skill level 4 in Spellcasting
  3239 | D:4      | Reached XP level 5. HP: 5/37 MP: 0/0
  3239 | D:4      | Learned a level 2 spell: Passwall
  3730 | D:4      | Slain by an orc wizard

Illustrated notes

Levels and vault maps discovered:
D:1:      wander_arrival_chamber, layout_loops_corners,
          minmay_misc_feat_enclosed, minmay_close_crescents
D:2:      layout_rooms, ebering_ecumenical_altar_rust, basic_altar
D:3:      layout_basic
D:4:      layout_rooms, supply_closet_lemuel, hangedman_glass_teeth,
          uniq_blork_the_orc, uniq_menkaure

Skill      XL: |  1  2  3  4 |
---------------+-------------+-----
Spellcasting   | 3 4 |  4.2
Fighting       | 1 |  1.2
Dodging        | 3 |  3.1
Stealth        | |  1.5

Action                   |  1- 3 |  4- 6 || total
-------------------------+-------+-------++-------
 Cast: Magic Dart        |    94 |    79 ||   173
       Slow              |       |     1 ||     1
       Mephitic Cloud    |       |     1 ||     1
  Use: Scroll            |       |     6 ||     6
Armor: Robe              |       |     3 ||     3
Dodge: Dodged            |    10 |     1 ||    11
Block: Kite shield       |       |     3 ||     3
